 Dungeon Crawl Stone Soup version 0.20.2-3-g29329e0561 (webtiles) character file.

51 Alfie the Shooter (level 3, -2/30 HPs)
             Began as a Minotaur Hunter on Aug 5, 2020.
             Slain by Sigmund
             ... wielding a +3 scythe
              (12 damage)
             ... on level 2 of the Dungeon.
             The game lasted 00:03:29 (1162 turns).

Alfie the Shooter (Minotaur Hunter)                 Turns: 1162, Time: 00:03:30

Health: -2/30      AC:  4    Str: 17    XL:     3   Next: 57%
Magic:  2/2        EV: 12    Int:  8    God:
Gold:   39         SH:  0    Dex: 10    Spells: 2/2 levels left

rFire    . . .     SeeInvis .   a - +1 shortbow
rCold    . . .     Gourm    .   (shield currently unavailable)
rNeg     . . .     Faith    .   c - +1 leather armour
rPois    .         Spirit   .   (helmet restricted)
rElec    .         Reflect  .   (no cloak)
rCorr    .         Harm     .   (no gloves)
MR       .....                  (no boots)
Stlth    +.........             (no amulet)
Regen    0.1/turn               (no ring)
MPRegen  0.1/turn               (no ring)

@: no status effects
A: retaliatory headbutt, horns 2
a: no special abilities


You were on level 2 of the Dungeon.
You were not hungry.

You visited 1 branch of the dungeon, and saw 2 of its levels.

You collected 39 gold pieces.

Inventory:

Hand Weapons
 a - a +1 shortbow (weapon)
 b - a +0 short sword
Missiles
 d - 5 arrows (quivered)
Armour
 c - a +1 leather armour (worn)
Jewellery
 j - an uncursed ring of poison resistance {unknown}
Potions
 h - a potion of berserk rage {unknown}
 i - a potion of haste {unknown}
Comestibles
 f - a bread ration


   Skills:
 + Level 2.8 Fighting
 + Level 0.9 Short Blades
 + Level 5.4 Bows
 + Level 0.2 Armour
 + Level 2.2 Dodging
 + Level 0.8 Stealth


You had 2 spell levels left.
You didn't know any spells.

Dungeon Overview and Level Annotations

Branches:
Dungeon (2/15)

Altars:

Annotations:
D:2 Sigmund


Innate Abilities, Weirdness & Mutations

You reflexively headbutt those who attack you in melee.
You have a pair of horns on your head.


Message History

Aim: Sigmund, wielding an enchanted scythe and wearing a robe (lightly wounded)
You shoot an arrow. The arrow hits Sigmund.
Sigmund is lightly wounded.
Sigmund hits you from afar with an enchanted scythe.
Firing (i - inventory):
d - 8 arrows (quivered)
Press: ? - help, Shift-Dir - straight line, f/p - Sigmund
Aim: Sigmund, wielding an enchanted scythe and wearing a robe (lightly wounded)
You shoot an arrow. The arrow closely misses Sigmund.
Firing (i - inventory):
d - 7 arrows (quivered)
Press: ? - help, Shift-Dir - straight line, f/p - Sigmund
Aim: Sigmund, wielding an enchanted scythe and wearing a robe (lightly wounded)
You shoot an arrow. The arrow closely misses Sigmund.
Sigmund barely misses you.
Firing (i - inventory):
d - 6 arrows (quivered)
Press: ? - help, Shift-Dir - straight line, f/p - Sigmund
Aim: Sigmund, wielding an enchanted scythe and wearing a robe (lightly wounded)
You shoot an arrow. The arrow hits Sigmund.
Sigmund is moderately wounded.
Sigmund hits you from afar with an enchanted scythe!
You die...

#########.# ..........#
.##############
######### .##### #...#
#.......# .#...# #...#
##.#####.#
.#.#.######...####....#
[#
...#..(.........##..#.#
.#
##########.#.##.#####.#
.#
#.....(......##.@.@..(#
=#
#............##########
.# #...........$# .#
#............#
#...........##
#.....>!....#
#...........#
#############


You could see Sigmund.

Vanquished Creatures
  An adder (D:2)
  An ooze (D:2)
  A worm (D:2)
  A leopard gecko (D:1)
  7 bats
  7 goblins (D:1)
  5 hobgoblins
  2 ball pythons (D:1)
  2 frilled lizards (D:1)
  2 kobolds (D:1)
  4 rats (D:1)
33 creatures vanquished.

Notes
Turn   | Place    | Note
-------+----------+-------------------------------------------
     0 | D:1      | Alfie the Minotaur Hunter began the quest for the Orb.
     0 | D:1      | Reached XP level 1. HP: 18/18 MP: 0/0
   177 | D:1      | Reached XP level 2. HP: 19/25 MP: 1/1
   223 | D:1      | Reached skill level 5 in Bows
   705 | D:2      | Reached XP level 3. HP: 30/30 MP: 2/2
   977 | D:2      | Noticed Sigmund
  1162 | D:2      | Slain by Sigmund

Skill      XL: |  1  2 |
---------------+-------+-----
Bows           | 5 |  5.4
Fighting       | |  2.8
Short Blades   | |  0.9
Armour         | |  0.2
Dodging        | |  2.2
Stealth        | |  0.8

Action                   || total
-------------------------++-------
Melee: Short sword       ||    38
       Headbutt          ||     2
 Fire: Shortbow          ||    71
  Use: Scroll            ||     2
 Stab: Sleeping          ||     1
  Eat: Bread ration      ||     1
Armor: Leather armour    ||     6
Dodge: Dodged            ||    35
